 Dungeon Crawl Stone Soup version 0.20.1-1-g8b1a95d (webtiles) character file.

3007 KoningWillie the Carver (level 9, -2/79 HPs)
             Began as a Minotaur Fighter on Oct 17, 2017.
             Was a Follower of Fedhas.
             Slain by a wolf (7 damage)
             ... led by Grum
             ... on level 9 of the Dungeon.
             The game lasted 00:18:22 (7869 turns).

KoningWillie the Carver (Minotaur Fighter)          Turns: 7869, Time: 00:18:23

Health: -2/79      AC: 15    Str: 23    XL:     9   Next: 54%
Magic:  8/8        EV:  8    Int:  5    God:    Fedhas [*.....]
Gold:   23         SH:  0    Dex: 11    Spells: 8/8 levels left

rFire    . . .     SeeInvis .   G - +2 great sword
rCold    . . .     Gourm    .   (shield currently unavailable)
rNeg     . . .     Faith    .   A - +0 plate armour
rPois    .         Spirit   .   (helmet restricted)
rElec    .         Reflect  .   (no cloak)
rCorr    .         Harm     .   B - +0 pair of gloves
MR       .....                  (no boots)
Stlth    ..........             (no amulet)
Regen    0.3/turn               (no ring)
MPRegen  0.2/turn               (no ring)

@: about to teleport
A: retaliatory headbutt, horns 2
a: Fungal Bloom, Evolution, Renounce Religion


You were on level 9 of the Dungeon.
You worshipped Fedhas.
Fedhas was aware of your devotion.
You were not hungry.

You visited 2 branches of the dungeon, and saw 10 of its levels.

You collected 362 gold pieces.
You spent 339 gold pieces at shops.

Inventory:

Hand Weapons
 a - a +1 long sword
 G - a +2 great sword (weapon)
Armour
 A - a +0 plate armour (worn)
 B - a +0 pair of gloves (worn)
Jewellery
 e - an uncursed ring of magical power
 t - a cursed ring of loudness
Wands
 m - a wand of polymorph (15/24)
 p - a wand of iceblast (6/15)
 q - a wand of lightning (9/15)
 y - a wand of polymorph (10/24)
 E - a wand of confusion (9/48)
 F - a wand of flame (28/48)
Scrolls
 b - a scroll of noise {unknown}
 f - a scroll of teleportation
 h - 3 scrolls of remove curse
 k - a scroll of immolation
 s - 3 scrolls of enchant armour
 v - a scroll of silence
 z - 3 scrolls of fog
 C - a scroll of enchant weapon
Potions
 d - a potion of might
 j - a potion of agility
 l - 4 potions of curing
 n - a potion of flight
 o - 3 potions of lignification
 x - a potion of ambrosia
Comestibles
 g - a meat ration
 r - a fruit
 u - 6 bread rations
 w - 2 royal jellies


   Skills:
 + Level 7.0 Fighting
 + Level 9.8 Long Blades
 + Level 8.9 Armour
 + Level 2.9 Dodging
 + Level 1.2 Stealth
   Level 7.6 Shields
 + Level 0.3 Evocations


You had 8 spell levels left.
You didn't know any spells.

Dungeon Overview and Level Annotations

Branches:
Dungeon (9/15)             Temple (1/1) D:5
   Lair: D:8-11         Orc: D:9-12

Altars:
Dithmenos
Elyvilon
Fedhas
Gozag
Hepliaklqana
Makhleb
Nemelex Xobeh
Okawaru
Qazlal
Sif Muna
Trog
Uskayaw
Xom
Yredelemnul

Shops:
D:5 ?   D:7 !

Annotations:
D:4 Eustachio
D:8 mimosa's ghost, novice HOBe
D:9 Grum


Innate Abilities, Weirdness & Mutations

You reflexively headbutt those who attack you in melee.
You have a pair of horns on your head.


Message History

a dagger; an orc corpse The wolf bites you.
* * * LOW HITPOINT WARNING * * *
The wolf barely misses you. You furiously retaliate!
You headbutt the wolf, but do no damage.
Okay, then.
Okay, then.
Okay, then.
Okay, then.
As you read the scroll of teleportation, it crumbles to dust.
You feel strangely unstable. The wolf bites you but does no damage.
The wolf bites you!
* * * LOW HITPOINT WARNING * * *
The wolf barely misses you. You furiously retaliate!
You headbutt the wolf. The wolf bites you but does no damage.
Grum closely misses you. The wolf bites you but does no damage.
Grum closely misses you. The wolf bites you but does no damage.
The wolf bites you!
You die...
Fedhas appreciates your contribution to the ecosystem.

###########
#.....@h..#
#......h).#
#.......g.#
#.........#
#.........#
#..........#
...........#
##.........#
.........#


You could see Grum and 2 wolves.

Vanquished Creatures
  A spriggan (D:8)
  A wyvern (D:7)
  A steam dragon (D:7)
  4 wargs (D:8)
  An ice beast (D:6)
  An orc warrior (D:6)
  A centaur (D:6)
  An ogre (D:4)
  2 big kobolds (D:7)
  A bullfrog (D:8)
  3 scorpions
  6 killer bees (D:7)
  A howler monkey (D:6)
  3 wights (D:7)
  A crimson imp (D:5)
  3 centaur skeletons
  3 jellies
  4 hounds
  An orc priest (D:7)
  Jessica (D:2)
  An iguana (D:7)
  4 orc wizards
  4 worker ants
  A hound skeleton (D:7)
  11 gnolls
  10 adders
  2 shadow imps
  4 worms (D:2)
  2 dart slugs
  6 leopard geckos
  21 orcs
  7 bats
  2 giant cockroaches (D:1)
  9 goblins
  4 hobgoblins
  5 jackals
  2 quokkas
  A ball python (D:1)
  7 frilled lizards
  16 kobolds
  A leopard gecko skeleton (D:4)
  5 rats
165 creatures vanquished.

Vanquished Creatures (others)
  An orc wizard (D:7)
  A shadow imp (D:5)
  A plant (D:8)
  17 toadstools
20 creatures vanquished.

Grand Total: 185 creatures vanquished

Notes
Turn   | Place    | Note
-------+----------+-------------------------------------------
     0 | D:1      | KoningWillie the Minotaur Fighter began the quest for the Orb.
     0 | D:1      | Reached XP level 1. HP: 19/19 MP: 0/0
   336 | D:1      | Reached XP level 2. HP: 27/27 MP: 1/1
  1109 | D:2      | Noticed Jessica
  1115 | D:2      | Killed Jessica
  1115 | D:2      | Reached XP level 3. HP: 33/33 MP: 2/2
  1271 | D:2      | Reached XP level 4. HP: 32/40 MP: 3/3
  1279 | D:2      | Reached skill level 3 in Long Blades
  1893 | D:2      | Reached skill level 1 in Dodging
  2082 | D:3      | Reached XP level 5. HP: 46/46 MP: 4/4
  2093 | D:3      | Reached skill level 5 in Armour
  2253 | D:3      | Reached skill level 4 in Long Blades
  2476 | D:3      | Found an iron altar of Okawaru.
  2998 | D:4      | Noticed Eustachio
  3094 | D:4      | Noticed an ogre
  3098 | D:4      | Killed an ogre
  3098 | D:4      | Reached XP level 6. HP: 53/53 MP: 5/5
  3111 | D:4      | Reached skill level 5 in Shields
  3286 | D:4      | Reached skill level 5 in Long Blades
  3596 | D:5      | Entered Level 5 of the Dungeon
  3732 | D:5      | Found a staircase to the Ecumenical Temple.
  3741 | Temple   | Entered the Ecumenical Temple
  3795 | Temple   | Became a worshipper of Fedhas Madash
  3859 | D:5      | Reached XP level 7. HP: 52/60 MP: 6/6
  3955 | D:5      | Reached skill level 5 in Fighting
  4303 | D:5      | Reached skill level 6 in Long Blades
  4331 | D:5      | Found Ikesch's Magic Scroll Shop.
  4357 | D:5      | Bought a scroll of fog for 28 gold pieces
  4357 | D:5      | Bought a scroll of remove curse for 42 gold pieces
  4357 | D:5      | Bought a scroll of identify for 28 gold pieces
  4357 | D:5      | Bought a scroll of fear for 49 gold pieces
  4357 | D:5      | Bought a scroll of teleportation for 42 gold pieces
  4357 | D:5      | Bought a scroll of identify for 28 gold pieces
  4357 | D:5      | Bought a scroll of teleportation for 42 gold pieces
  5020 | D:6      | Reached XP level 8. HP: 62/69 MP: 7/7
  5092 | D:6      | Reached skill level 7 in Long Blades
  5160 | D:6      | Found a shadowy altar of Dithmenos.
  5199 | D:6      | Noticed a two-headed ogre
  5657 | D:7      | Reached skill level 1 in Stealth
  5955 | D:7      | Found a shimmering altar of Xom.
  6066 | D:7      | Found Reriupsi's Distillery.
  6066 | D:7      | Found a white marble altar of Elyvilon.
  6422 | D:7      | Reached * piety under Fedhas
  6436 | D:7      | Bought a potion of heal wounds for 80 gold pieces
  6582 | D:7      | Reached skill level 8 in Long Blades
  6630 | D:7      | Reached XP level 9. HP: 55/75 MP: 8/8
  7284 | D:8      | Reached skill level 9 in Long Blades
  7855 | D:8      | Noticed mimosa's ghost (novice HOBe)
  7859 | D:8      | Noticed an orc knight
  7860 | D:8      | Noticed an orc knight
  7863 | D:9      | Noticed Grum
  7869 | D:9      | Slain by a wolf

Skill      XL: |  1  2  3  4  5  6  7  8  9 |
---------------+----------------------------+-----
Armour         | 4 5 6 7 8 |  8.9
Fighting       | 4 5 6 7 |  7.0
Shields        | 4 5 6 7 |  7.6
Long Blades    | 3 4 5 6 8 9 |  9.8
Dodging        | 1 2 |  2.9
Stealth        | 1 |  1.2
Evocations     | |  0.3

Action                   |  1- 3 |  4- 6 |  7- 9 || total
-------------------------+-------+-------+-------++-------
Melee: Long sword        |    63 |   130 |   241 ||   434
       Headbutt          |     3 |    24 |    57 ||    84
       Great sword       |       |       |    59 ||    59
Invok: Fungal Bloom      |       |       |     7 ||     7
Evoke: Wand              |       |     3 |     1 ||     4
  Use: Scroll            |     6 |     6 |    13 ||    25
       Potion            |       |     2 |     1 ||     3
  Eat: Bread ration      |     1 |       |     2 ||     3
       Fruit             |       |     3 |       ||     3
       Royal jelly       |       |     1 |       ||     1
       Meat ration       |       |       |     1 ||     1
Armor: Scale mail        |    22 |    50 |    35 ||   107
       Plate armour      |       |       |   174 ||   174
Dodge: Dodged            |    27 |    47 |   109 ||   183
Block: Shield            |    32 |    70 |   147 ||   249
       Rpst.: Long sword |     2 |    11 |    19 ||    32
       Great sword       |       |       |    11 ||    11
